AoeStats
← Audi_13

Arena

510355979Analyzed
2v2 RM · 24h ago on Sep 30, 2026· 27m 22s· 4 players
Game mode
Random Map
Map size
Medium (4 player)
Population
200
Speed
Normal
Resources
Standard
Victory
Conquest
Starting age
Dark Age
Ending age
Imperial Age
RankedLock teamsTeams togetherTeam positionsShared explorationLock speedFull tech treeHidden civsTurbo modeCheats
Victory
Defeat
🇺🇦 Hindustanis · Ukraine
1394
+15
🇬🇪 Saracens · Georgia
1325
+19
🇩🇪 Burgundians · Germany
1375
-17
🇩🇪 Aztecs · Germany
1374
-17
Vlast
10:16 Feudal Age
10:42 Loom
14:01 Castle Age
12:23 Gold Mining
27:02 Imperial Age
Audi_13
10:25 Feudal Age
9:48 Loom
14:28 Castle Age
13:57 Double-Bit Axe
14:35 Light Cavalry
16:14 Bow Saw
18:49 Wheelbarrow
18:57 Scale Barding Armor
19:52 Fletching
21:55 Bodkin Arrow
29:41 Imperial Age
leox
9:45 Feudal Age
13:44 Castle Age
12:48 Scale Mail Armor
13:38 Loom
15:57 Chain Mail Armor
15:36 Gold Mining
15:33 Double-Bit Axe
19:55 Squires
21:13 Gambesons
23:05 Arson
suzn
6:01 Double-Bit Axe
8:59 Wheelbarrow
10:42 Feudal Age
9:29 Horse Collar
9:41 Gold Mining
14:50 Bow Saw
15:02 Heavy Plow
25:20 Loom
Connection lost

Rejoining the realm…

Still unreachable

The connection could not be restored.

Session expired

The server has moved on; the page needs a fresh start.